Map: Realities Simulation LE

Players

Chit - Winner!

  • Race: Zerg Zerg
  • Spawn Location: 5:00

IIIIIIllllll - Winner!

  • Race: Protoss Protoss
  • Spawn Location: 6:00

MacGyver - Winner!

  • Race: Zerg Zerg
  • Spawn Location: 3:00

MattBarry

  • Race: Terran Terran
  • League: Gold
  • Spawn Location: 12:00

Alebay

  • Race: Protoss Protoss
  • Spawn Location: 9:00

MattBarry

  • Race: Zerg Zerg
  • League: Gold
  • Spawn Location: 11:00

VOD

Have the link to the VOD?

Description

Time

  • Played on: Jan. 22, 2023, 4:21 a.m.
  • Length: 8:35
Show
View Real Time Build Order
Export as new Build Order

Chit Zerg - Winner!

Build Orders: Hatch First 

Get SALT Encoding   

  12  0:01  Drone  
  13  0:12  Overlord  
  13  0:16  Drone  
  14  0:31  Drone x2  
  16  0:38  Drone  
  17  0:57  Drone  
  17  0:59  Drone  
  17  1:00  Hatchery  
  18  1:08  Extractor  
  17  1:17  Spawning Pool  
  16  1:19  Drone  
  16  1:23  Drone  
  18  1:28  Drone  
  19  1:39  Overlord  
  19  2:04  Zergling x4  
  19  2:05  Queen  
  23  2:09  Metabolic Boost  
  23  2:16  Drone x2  
  23  2:20  Queen  
  27  2:33  Overlord  
  27  2:34  Drone  
  27  2:35  Drone x2  
  30  2:44  Queen  
  30  2:46  Drone x2  
  34  2:54  Drone x2  
  34  2:56  Queen  
  38  3:08  Overlord  
  38  3:18  Drone x5  
  42  3:27  Drone x2  
  42  3:33  Drone  
  45  3:35  Extractor  
  45  3:37  Extractor  
  45  3:39  Drone x3  
  46  3:49  Drone x2  
  48  3:56  Zergling x4  
  48  3:59  Zergling x2  
  48  4:00  Hatchery  
  48  4:01  Overlord x2  
  50  4:07  Zergling x2  
  50  4:08  Lair  
  51  4:11  Overlord  
  51  4:21  Overlord  
  51  4:22  Zergling x2  
  51  4:23  Zergling x6  
  56  4:31  Zergling x2  
  56  4:37  Zergling x2  
  57  4:39  Zergling x8  
  61  4:48  Zergling x2  
  61  4:50  Zergling x2  
  63  4:59  Zergling x2  
  64  5:02  Zergling x2  
  59  5:14  Zergling x2  
  59  5:15  Zergling x8  
  63  5:21  Zergling x2  
  63  5:24  Zergling x2  
  63  5:28  Zergling x2  
  66  5:35  Spore Crawler  
  65  5:40  Spore Crawler  
  65  5:41  Zergling x6  
  67  5:43  Spore Crawler  
  67  5:47  Zergling x6  
  69  5:53  Zergling x2  
  69  5:55  Zergling x2  
  69  5:56  Zergling x2  
  67  5:58  Zergling x6  
  67  6:06  Zergling x2  
  67  6:07  Zergling x6  
  71  6:13  Hydralisk Den  
  58  6:52  Hydralisk x12  
  77  7:03  Hydralisk  
  77  7:04  Hydralisk  
  77  7:05  Overlord  
  81  7:16  Overlord  
  81  7:17  Overlord x2  
  81  7:23  Overlord x2  
  81  7:27  Hydralisk  
  81  7:28  Hydralisk x2  
  87  7:30  Queen  
  87  7:34  Queen  
  91  7:38  Hydralisk  
  91  7:39  Hydralisk  
  95  7:44  Hydralisk  
  95  7:50  Hydralisk  
  99  8:00  Drone  
  99  8:05  Drone x2  
  102  8:08  Drone  
  102  8:11  Drone  
  104  8:15  Drone  
  104  8:16  Drone  
  106  8:20  Drone  
  106  8:24  Extractor  
Show
View Real Time Build Order
Export as new Build Order

IIIIIIllllll Protoss - Winner!

Build Orders: Blink Stalkers 

Get SALT Encoding   

  12  0:03  Probe  
  13  0:14  Pylon  
  13  0:17  Probe  
  14  0:33  Gateway  
  14  0:35  Probe (Chrono Boost)  
  15  0:46  Assimilator  
  15  0:47  Probe (Chrono Boost)  
  16  0:51  Probe (Chrono Boost)  
  17  0:58  Assimilator  
  17  1:02  Probe  
  18  1:14  Probe  
  19  1:22  Cybernetics Core  
  19  1:26  Probe  
  20  1:38  Probe  
  21  1:50  Probe  
  22  1:59  Twilight Council  
  22  2:00  Warp Gate  
  22  2:02  Probe  
  22  2:08  Gateway  
  23  2:11  Gateway  
  23  2:13  Pylon  
  23  2:27  Blink (Chrono Boost)  
  23  2:32  Gateway  
  23  2:42  Stalker  
  25  3:08  Nexus  
  25  3:19  Stalker  
  27  3:23  Stalker  
  29  3:37  Pylon  
  29  3:52  Stalker  
  31  3:56  Stalker x2  
  31  4:00  Probe  
  36  4:09  Stalker  
  38  4:12  Probe  
  39  4:18  Pylon  
  39  4:38  Stalker x2  
  41  4:40  Probe  
  44  4:57  Pylon  
  44  4:59  Stalker  
  46  5:00  Stalker, Probe  
  46  5:01  Probe  
  50  5:24  Probe x2  
  50  5:26  Forge  
  52  5:29  Forge  
  52  5:36  Probe  
  52  5:37  Probe  
  52  5:39  Pylon  
  54  5:48  Stalker  
  54  5:49  Probe x2  
  58  5:56  Stalker x2  
  62  6:01  Probe x2  
  51  6:41  Probe  
  52  6:56  Assimilator  
  52  7:02  Assimilator  
  42  7:42  Probe (Chrono Boost)  
  44  7:47  Probe (Chrono Boost)  
  45  7:51  Probe (Chrono Boost)  
  45  7:55  Probe (Chrono Boost)  
  45  7:56  Probe (Chrono Boost)  
  46  8:06  Probe  
  46  8:08  Probe  
  48  8:18  Probe  
  49  8:20  Probe  
  50  8:31  Stalker x2  
Show
View Real Time Build Order
Export as new Build Order

MacGyver Zerg - Winner!

Build Orders: Pool First 

Get SALT Encoding   

  12  0:00  Drone  
  13  0:08  Drone  
  14  0:20  Drone, Extractor x2  
  14  0:21  Drone  
  16  0:37  Spawning Pool  
  16  0:41  Overlord  
  15  0:45  Extractor  
  15  0:46  Extractor  
  15  0:48  Drone  
  15  0:59  Drone x2  
  17  1:06  Drone  
  18  1:17  Drone  
  19  1:23  Queen  
  21  1:28  Drone  
  22  1:44  Metabolic Boost  
  22  1:46  Overlord  
  22  1:59  Hatchery  
  22  2:00  Drone  
  22  2:08  Drone  
  23  2:17  Queen  
  23  2:18  Zergling x2  
  26  2:24  Zergling x2  
  27  2:32  Zergling x6  
  30  2:46  Overlord  
  30  2:57  Overlord  
  30  3:04  Zergling x2  
  30  3:05  Zergling x4  
  33  3:14  Zergling x4  
  33  3:18  Drone  
  36  3:23  Lair  
  36  3:24  Drone  
  37  3:30  Drone  
  37  3:34  Drone x3, Extractor  
  37  3:36  Drone  
  41  3:44  Overlord  
  41  3:47  Overlord  
  41  3:54  Drone  
  42  3:56  Drone  
  42  3:58  Drone  
  42  3:59  Drone x2  
  42  4:02  Drone  
  47  4:03  Drone x2  
  47  4:07  Zergling x2  
  50  4:13  Zergling x2  
  51  4:18  Zergling x2  
  52  4:26  Zergling x2  
  52  4:28  Zergling x2  
  52  4:29  Zergling x4  
  56  4:32  Drone x4  
  56  4:34  Drone, Extractor  
  56  4:36  Extractor  
  59  4:43  Zergling x2  
  60  4:46  Zergling x2  
  60  4:55  Zergling x4  
  61  5:03  Drone x3  
  61  5:06  Drone  
  62  5:08  Drone x2  
  62  5:10  Zergling x4  
  66  5:18  Zergling x2  
  67  5:23  Zergling x2  
  68  5:34  Overlord x2  
  67  5:40  Spore Crawler  
  66  5:43  Spore Crawler  
  66  5:45  Drone  
  66  5:49  Spire  
  65  5:57  Drone  
  65  5:58  Drone x3  
  65  5:59  Drone x2  
  65  6:03  Spore Crawler  
  70  6:05  Spore Crawler  
  70  6:07  Spore Crawler  
  70  6:09  Spore Crawler  
  70  6:10  Spore Crawler  
  66  6:14  Spore Crawler  
  65  6:27  Overlord x6  
  65  6:40  Spine Crawler x2  
  65  6:45  Drone x3  
  65  6:46  Spine Crawler x2, Drone  
  65  6:47  Drone x3  
  65  6:51  Spine Crawler  
  65  6:53  Spine Crawler  
  66  6:54  Spine Crawler  
  65  7:17  Drone x3  
  68  7:36  Extractor  
  67  7:40  Hatchery  
  67  7:42  Extractor  
  65  7:44  Overlord x2  
  65  7:45  Overlord x5  
  65  8:08  Hatchery  
  65  8:09  Extractor x2  
Show
View Real Time Build Order
Export as new Build Order

MattBarry Terran 

Build Orders:  

Get SALT Encoding   

  12  0:00  SCV  
  13  0:12  SCV  
  14  0:18  Supply Depot  
  14  0:24  SCV  
  15  0:40  SCV  
  16  0:46  Barracks  
  16  0:52  SCV  
  18  1:04  SCV  
  18  1:16  SCV  
  19  1:31  Command Center  
  19  1:32  Orbital Command  
  19  1:37  Refinery  
  19  1:38  Marine  
  20  1:47  Supply Depot  
  20  1:58  SCV  
  20  2:00  Marine, Refinery  
  22  2:10  SCV  
  23  2:18  Marine  
  24  2:23  SCV  
  25  2:34  Factory  
  25  2:35  SCV  
  25  2:36  Marine  
  27  2:43  Orbital Command  
  27  2:47  SCV  
  28  2:56  Marine  
  29  2:59  SCV  
  29  3:03  Refinery  
  30  3:10  SCV  
  30  3:11  SCV  
  32  3:14  Supply Depot  
  32  3:17  Marine  
  33  3:22  SCV, Factory Tech Lab  
  33  3:23  SCV  
  33  3:25  Starport  
  35  3:34  SCV  
  35  3:35  SCV  
  35  3:39  Marine  
  38  3:43  Supply Depot  
  38  3:48  SCV x2  
  40  3:53  Refinery  
  40  3:56  Factory Tech Lab  
  40  4:00  SCV x2  
  42  4:03  Fusion Core  
  42  4:12  SCV x2  
  44  4:21  Banshee  
  47  4:24  Marine  
  47  4:29  SCV x2  
  50  4:42  Marine  
  50  4:43  Starport  
  51  5:04  Battlecruiser  
  46  5:28  Weapon Refit  
  46  5:29  Battlecruiser  
  46  5:34  SCV x2  
  54  5:40  Supply Depot x2  
  54  5:46  SCV x2  
  56  5:58  Armory  
  56  5:59  Armory  
Show
View Real Time Build Order
Export as new Build Order

Alebay Protoss 

Build Orders: 1 Gate Expand 

Get SALT Encoding   

  12  0:00  Probe  
  13  0:12  Probe  
  14  0:18  Pylon  
  14  0:25  Probe  
  15  0:37  Probe  
  15  0:39  Gateway  
  16  0:44  Assimilator  
  16  0:49  Probe  
  17  1:01  Probe  
  18  1:13  Probe  
  19  1:25  Probe  
  20  1:27  Cybernetics Core  
  20  1:36  Nexus  
  20  1:38  Probe  
  21  1:47  Assimilator  
  21  1:50  Probe  
  21  1:53  Pylon  
  22  2:00  Warp Gate (Chrono Boost)  
  22  2:11  Stalker  
  24  2:17  Probe  
  25  2:29  Probe  
  26  2:41  Pylon  
  26  2:42  Stalker  
  28  2:45  Probe  
  28  2:49  Probe  
  30  3:00  Robotics Facility  
  30  3:01  Probe  
  30  3:02  Probe  
  32  3:16  Probe x2  
  34  3:28  Probe x2  
  34  3:32  Pylon  
  36  3:37  Gateway  
  36  3:39  Gateway  
  36  3:41  Stalker  
  36  3:44  Probe x2  
  36  3:48  Immortal  
  44  3:52  Forge  
  44  3:56  Probe x2  
  46  4:07  Stalker  
  46  4:09  Probe x2  
  50  4:17  Pylon  
  50  4:23  Probe x2  
  52  4:34  Assimilator  
  52  4:40  Gateway  
  52  4:50  Stalker x3  
  24  5:19  Probe x2  
  20  5:25  Stalker x2  
  20  5:26  Stalker  
  21  5:31  Probe x2  
Show
View Real Time Build Order
Export as new Build Order

MattBarry Zerg 

Build Orders: Pool First 

Get SALT Encoding   

  12  0:00  Drone  
  13  0:09  Drone  
  14  0:19  Extractor  
  14  0:21  Drone  
  14  0:22  Drone, Extractor  
  14  0:27  Overlord  
  15  0:46  Spawning Pool  
  15  0:48  Drone  
  15  0:52  Drone  
  16  1:10  Drone  
  17  1:24  Hatchery  
  16  1:26  Drone  
  16  1:31  Drone  
  18  1:42  Lair  
  18  1:46  Drone  
  19  1:56  Drone  
  20  2:02  Drone  
  20  2:03  Extractor  
  20  2:04  Drone  
  21  2:09  Overlord  
  21  2:34  Drone  
  21  2:36  Queen  
  22  2:42  Spire  
  22  2:43  Drone  
  24  2:46  Drone  
  24  2:51  Drone  
  26  2:52  Drone, Extractor  
  26  2:58  Drone  
  26  3:03  Drone  
  28  3:25  Drone x3  
  31  3:29  Extractor  
  31  3:31  Drone  
  31  3:33  Queen  
  33  3:58  Mutalisk  
  33  4:00  Overlord  
  33  4:01  Overlord  
  35  4:03  Evolution Chamber  
  35  4:04  Evolution Chamber  
  35  4:05  Evolution Chamber  
  35  4:09  Evolution Chamber  
  31  4:11  Mutalisk, Evolution Chamber  
  34  4:18  Mutalisk  
  34  4:20  Mutalisk  
  34  4:22  Mutalisk  
  43  4:24  Mutalisk  
  45  4:39  Overlord  
  45  4:58  Mutalisk x3  
  51  5:00  Overlord  
  51  5:05  Mutalisk  
  49  5:08  Zergling x2  
  49  5:20  Mutalisk  
  36  5:34  Drone  
Tags
 
Add a new tag
Caveats
  • Supply blocks, unpowered buildings, or Contaminate may cause inaccurate times.
  • Supply counts are checked every 10 seconds.